 Dungeon Crawl Stone Soup version 0.28.0-49-g6dfe1f597d (webtiles) character file.

Game seed: 17785312895065674448

6 vvl the Stinger (level 1, -1/13 HPs)
             Began as a Demonspawn Venom Mage on May 13, 2022.
             Slain by a hobgoblin (4 damage)
             ... on level 1 of the Dungeon.
             The game lasted 00:01:23 (98 turns).

vvl the Stinger (Demonspawn Venom Mage)               Turns: 98, Time: 00:01:24

Health: -1/13      AC:  2    Str:  8    XL:     1   Next: 75%
Magic:  0/3        EV: 12    Int: 16    God:
Gold:   0          SH:  0    Dex: 13    Spells: 3/4 levels left

rFire   . . .      SeeInvis .   (no weapon)
rCold   . . .      Faith    .   (no shield)
rNeg    . . .      Spirit   .   a - +0 robe
rPois   .          Reflect  .   (no helmet)
rElec   .          Harm     .   (no cloak)
rCorr   .          Rampage  .   (no gloves)
Will    .....                   (no boots)
Stlth   ++........              (no amulet)
HPRegen 0.04/turn               (no ring)
MPRegen 0.08/turn               (no ring)

@: no status effects
A: no striking features
a: no special abilities


You were on level 1 of the Dungeon.
You visited 1 branch of the dungeon, and saw 1 of its levels.

Inventory:

Armour
 a - a +0 robe (worn)


   Skills:
 + Level 0.2 Fighting
 + Level 1.9 Dodging
 + Level 1.8 Stealth
 + Level 2.0 Spellcasting
 + Level 1.0 Transmutations
 * Level 3.1 Poison Magic


You had 3 spell levels left.
You knew the following spells:

 Your Spells              Type           Power      Damage    Failure   Level
a - Sting                 Tmut/Pois      32%        1d4       9%          1

Your spell library contained the following spells:

 Spells                   Type           Power      Damage    Failure   Level
 Poisonous Vapours        Pois/Air       12%        N/A       16%         2
 Mephitic Cloud           Conj/Pois/Air  4%         N/A       38%         3
 Olgreb's Toxic Radiance  Pois           11%        N/A       50%         4


Dungeon Overview and Level Annotations

Branches:
Dungeon (1/15)

Altars:


Message History

The ball python barely misses you. The ball python closely misses you.
Your magical contamination has completely faded away.
The ball python bites you. The ball python grabs you.
The ball python constricts you.
You escape the ball python's grasp.
Found 15 gold pieces.
Casting: Sting (safe; 9% risk of failure)
Confirm with . or Enter, or press ? or * to list all spells.
Aiming: Sting (safe; 9% risk of failure)
Press: ? - help, Shift-Dir - straight line, f/p - ball python
Aim: a ball python (64% to hit)
The sting hits the ball python.
The ball python is poisoned.
The ball python is severely wounded.
The ball python bites you but does no damage.
The ball python closely misses you.
You hit the ball python but do no damage.
The ball python is severely wounded.
The ball python closely misses you. The ball python grabs you.
The ball python constricts you. The ball python bites you.
* * * LOW HITPOINT WARNING * * *
The ball python constricts you.
Unknown command.
The ball python's grasp on you weakens, but your attempt to escape fails.
You kill the ball python!
Found a transparent quarterstaff.
Casting: Sting (safe; 9% risk of failure)
Confirm with . or Enter, or press ? or * to list all spells.
Aiming: Sting (safe; 9% risk of failure)
Press: ? - help, Shift-Dir - straight line, f - hobgoblin
Aim: a hobgoblin (68% to hit)
The sting hits the hobgoblin.
The hobgoblin is poisoned.
The hobgoblin is lightly wounded.
The hobgoblin barely misses you.
Unknown command.
Found a buckler.
A kobold comes into view. It is wielding a +0 dagger.
Found a mace.
The kobold shouts!
The hobgoblin hits you.
You die...

#.# #.# ..........
#g#####.####....# ...# #
#.#.............##...#.#
#.#########.....#.......
#)# #.....#.....
#.#####.# #...$.#...
#........ #.#####.#
#........ #....g..#
......... ######@.#
##.......)........# .
..........K.[..... #
.#...##.#.##...###..
...#.# # ..... .# ##.#.#
#...## # . ....#)
##...###


You could see a hobgoblin (poisoned) and a kobold.

Vanquished Creatures
  A dart slug (D:1)
  A ball python (D:1)
  A bat (D:1)
  A frilled lizard (D:1)
  2 kobolds (D:1)
6 creatures vanquished.

Notes
Turn   | Place    | Note
-------+----------+-------------------------------------------
     0 | D:1      | vvl the Demonspawn Venom Mage began the quest for the Orb.
     0 | D:1      | Reached XP level 1. HP: 13/13 MP: 3/3
    71 | D:1      | Reached skill level 1 in Transmutations
    98 | D:1      | Slain by a hobgoblin

Illustrated notes

Levels and vault maps discovered:
D:1:      lightli_arrival_lavapool, layout_basic, item_on_display_a

Skill      XL: |  1 |
---------------+----+-----
Transmutations | 1 |  1.0
Fighting       | |  0.2
Dodging        | |  1.9
Stealth        | |  1.8
Spellcasting   | |  2.0
Poison Magic   | |  3.1

Action                   || total
-------------------------++-------
Melee: Unarmed           ||     4
 Cast: Sting             ||     7
Armor: Robe              ||     2
Dodge: Dodged            ||    12
